 Dungeon Crawl Stone Soup version 0.19.4-8-ga85b6b9 (webtiles) character file.

6866 JeffiDaFish the Conjurer (level 11, -1/63 HPs)
             Began as a Gargoyle Venom Mage on Feb 11, 2017.
             Was a High Priest of Vehumet.
             Killed by divine providence
             ... invoked by an orc priest
              (14 damage)
             ... on level 8 of the Dungeon.
             The game lasted 00:46:58 (8382 turns).

JeffiDaFish the Conjurer (Gargoyle Venom Mage)      Turns: 8382, Time: 00:46:58

Health: -1/63      AC: 18    Str: 18    XL:     11   Next: 6%
Magic:  26/30      EV: 12    Int: 15    God:    Vehumet [*****.]
Gold:   447        SH:  9    Dex: 13    Spells: 6 memorised, 2 levels left

rFire  . . .     SeeInvis .     a - +9 flail (protect)
rCold  . . .     Gourm    .     r - +2 leather armour {rPois}
rNeg   + . .     Faith    .     u - +1 buckler of the Fiddle {Str+3}
rPois  ∞         Spirit   .     f - +0 helmet
rElec  +         Reflect  +     m - +0 cloak
rCorr  .         Harm     .     o - +0 pair of gloves
MR     .....                    x - +0 pair of boots
Stlth  +++.......               y - +3 amulet of reflection
                                k - +2 ring of strength
                                B - ring of magical power

@: radiating poison
A: negative energy resistance 1, electricity resistance, unbreathing,
petrification resistance, rot immunity, AC +7
a: Renounce Religion


You were on level 8 of the Dungeon.
You worshipped Vehumet.
Vehumet was extremely pleased with you.
You were near starving.

You visited 1 branch of the dungeon, and saw 8 of its levels.
You also visited: Ossuary and Bailey.

You collected 1089 gold pieces.
You spent 642 gold pieces at shops.

Inventory:

Hand Weapons
 a - a +9 flail of protection (weapon)
Armour
 f - a +0 helmet (worn)
 m - a +0 cloak (worn)
 o - a +0 pair of gloves (worn)
 r - a +2 leather armour of poison resistance (worn)
 u - the +1 buckler of the Fiddle (worn) {Str+3}
   (You found it on level 6 of the Dungeon)

   It affects your strength (+3).
 x - a +0 pair of boots (worn)
Jewellery
 k - a +2 ring of strength (right hand)
 y - a +3 amulet of reflection (around neck)
 B - a ring of magical power (left hand)
Scrolls
 d - 4 scrolls of teleportation
 h - 2 scrolls of blinking
 i - 3 scrolls of identify
 j - 4 scrolls of remove curse
 l - 2 scrolls of magic mapping
 v - 2 scrolls of recharging
Potions
 e - 4 potions of curing
 g - 3 potions of berserk rage
 p - a potion of might
 s - 2 potions of invisibility
 t - a potion of cure mutation
Books
 b - a Young Poisoner's Handbook

   Spells                             Type                      Level
   a - Sting                          Conjuration/Poison           1
   b - Mephitic Cloud                 Conjuration/Poison/Air       3
   c - Olgreb's Toxic Radiance        Poison                       4
   d - Alistair's Intoxication        Transmutation/Poison         5
   e - Venom Bolt                     Conjuration/Poison           5
 A - the Grimoire of Intoxication
   (You bought it in a shop on level 7 of the Dungeon)

   Spells                             Type                      Level
   a - Sting                          Conjuration/Poison           1
   b - Mephitic Cloud                 Conjuration/Poison/Air       3
   c - Ignite Poison                  Fire/Transmutation/Poison    3
   d - Spider Form                    Transmutation/Poison         3
   e - Venom Bolt                     Conjuration/Poison           5
   f - Alistair's Intoxication        Transmutation/Poison         5
   g - Poisonous Cloud                Conjuration/Poison/Air       6
Comestibles
 c - 6 bread rations
 n - a meat ration
 z - a beef jerky


   Skills:
 + Level 5.0 Fighting
   Level 0.1 Short Blades
   Level 1.0(2.5) Axes
 + Level 4.2(4.3) Maces & Flails
 + Level 5.1 Armour
 - Level 2.0 Dodging
 + Level 6.5 Stealth
 - Level 4.2 Shields
 - Level 0.2 Unarmed Combat
 * Level 6.8 Spellcasting
 * Level 7.4 Conjurations
 + Level 4.0 Air Magic
 * Level 2.7 Earth Magic
 + Level 6.6 Poison Magic


You had 2 spell levels left.
You knew the following spells:

 Your Spells              Type           Power        Failure   Level  Hunger
a - Sting                 Conj/Pois      ####         1%          1    None
b - Mephitic Cloud        Conj/Pois/Air  ###.....     1%          3    ##.....
c - Olgreb's Toxic Radia  Pois           ###.....     3%          4    ####...
d - Lee's Rapid Deconstr  Erth           ##........   56%         5    #####..
e - Ignite Poison         Fire/Tmut/Pois ##......     7%          3    ##.....
f - Venom Bolt            Conj/Pois      ####......   8%          5    #####..


Dungeon Overview and Level Annotations

Branches:
Dungeon (8/15)             Temple (0/1) D:6
   Lair: D:8-11

Altars:
Elyvilon
Okawaru
Ru
Trog
Vehumet
The Shining One

Shops:
D:7 *}*


Innate Abilities, Weirdness & Mutations

You are resistant to torment.
Your stone body is resilient. (AC +7)
You are immune to poison.
You resist negative energy. (rN+)
You are resistant to electric shocks. (rElec)
You can survive without breathing.
You are immune to petrification.
You are immune to rotting.


Message History

The troll is almost dead.
The troll is engulfed in noxious fumes.
The troll appears confused.
The troll is engulfed in noxious fumes.
The troll appears confused.
Unknown command.
You block the orc's attack.
An orc priest comes into view.
The orc priest mumbles some strange prayers to Beogh against you.
Beogh smites you!
* * * LOW HITPOINT WARNING * * *
Things that are here:
a bullfrog corpse; a killer bee corpse
Casting: Mephitic Cloud
Confirm with . or Enter, or press ? or * to list all spells.
You begin to radiate toxic energy.
The orc priest is poisoned.
The orc is poisoned.
The orc throws a tomahawk.
The tomahawk hits you but does no damage.
The bullfrog is poisoned.
The orc priest calls down the wrath of Beogh upon you.
Beogh smites you!
You die...

... ...# .#
..##..# ...
....%. ...
.$..###.### #.
# .....y...#
#..#.#...y..#.#
...o....?.....#
#..T.######
##..oF(@.<#
#.#.######
#.#.# . #'# ..
.F. .. ... ...
.... ...


You could see a troll (confused), a bullfrog, an orc priest and an orc.

Vanquished Creatures
  The ghost of Aguirre the Cleaver, a novice MiBe of Trog (D:8)
  A hill giant (D:8)
  An orc knight (Bailey)
  Grinder (D:6)
  Sigmund (D:6)
  A hungry ghost (D:8)
  Eustachio (D:4)
  Edmund (D:4)
  2 water moccasins (D:7)
  A sky beast (D:6)
  11 orc warriors
  2 ice beasts
  3 black bears (D:6)
  3 ogres
  3 bullfrogs
  An elf zombie (D:6)
  A big kobold (D:8)
  A gnoll sergeant (D:7)
  An elf skeleton (D:6)
  A water moccasin zombie (D:7)
  7 scorpions
  5 killer bees (D:8)
  A crimson imp (D:6)
  6 centaur zombies
  3 human zombies (Ossuary)
  3 hounds
  An orc priest (D:5)
  10 orc wizards
  A centaur skeleton (D:4)
  A jelly (D:7)
  A bullfrog skeleton (D:4)
  Natasha (thrice) (D:3)
  A human skeleton (D:6)
  2 worker ants
  A big kobold zombie (Ossuary)
  A hound zombie (D:6)
  A hound skeleton (D:4)
  Robin (D:4)
  3 mummies (Ossuary)
  4 gnolls (D:7)
  5 scorpion zombies (Ossuary)
  11 adders
  4 oozes
  An adder skeleton (D:6)
  2 worms (D:2)
  4 leopard geckos
  14 orcs
  10 bats
  3 giant cockroaches
  22 goblins
  17 hobgoblins
  9 jackals
  3 quokkas
  4 ball pythons
  6 frilled lizards
  A gnoll zombie (Ossuary)
  A goblin zombie (Ossuary)
  A hobgoblin zombie (Ossuary)
  5 kobolds
  A kobold zombie (Ossuary)
  A leopard gecko zombie (D:6)
  3 orc skeletons (D:6)
  2 orc zombies (Ossuary)
  A quokka skeleton (D:5)
  7 rats
232 creatures vanquished.

Vanquished Creatures (others)
  3 orc warriors (Bailey)
3 creatures vanquished.

Grand Total: 235 creatures vanquished

Notes
Turn   | Place    | Note
-------+----------+-------------------------------------------
     0 | D:1      | JeffiDaFish the Gargoyle Venom Mage began the quest for the Orb.
     0 | D:1      | Reached XP level 1. HP: 10/10 MP: 3/3
   233 | D:1      | Gained mutation: You tend to lose your temper in combat. [potion of mutation]
   233 | D:1      | Gained mutation: You are weak. (Str -2) [potion of mutation]
   233 | D:1      | Gained mutation: You have a somewhat thin skeletal structure. (Dex +2, Stealth) [potion of mutation]
   249 | D:1      | Reached XP level 2. HP: 15/15 MP: 3/5
   711 | D:2      | Found a radiant altar of Vehumet.
   720 | D:2      | Reached XP level 3. HP: 15/19 MP: 4/6
   876 | D:2      | Became a worshipper of Vehumet
  1165 | D:2      | Reached XP level 4. HP: 17/24 MP: 4/7
  1195 | D:2      | Learned a level 3 spell: Mephitic Cloud
  1330 | D:3      | Reached skill level 1 in Conjurations
  1502 | D:3      | Found an iron altar of Okawaru.
  1579 | D:3      | Noticed Natasha
  1586 | D:3      | Killed Natasha
  1586 | D:3      | Reached skill level 1 in Shields
  1586 | D:3      | Reached XP level 5. HP: 20/28 MP: 4/8
  1789 | D:3      | Noticed Natasha
  1792 | D:3      | Killed Natasha
  1840 | D:3      | Noticed Natasha
  1848 | D:3      | Killed Natasha
  1848 | D:3      | Reached * piety under Vehumet
  1848 | D:3      | Offered knowledge of Sandblast by Vehumet.
  1914 | D:3      | Reached XP level 6. HP: 20/32 MP: 0/9
  2952 | D:4      | Reached XP level 7. HP: 37/37 MP: 5/11
  2965 | D:4      | Offered knowledge of Throw Flame by Vehumet.
  2993 | D:4      | Reached ** piety under Vehumet
  3000 | D:4      | Reached skill level 1 in Armour
  3084 | D:4      | Noticed Robin
  3099 | D:4      | Reached skill level 1 in Fighting
  3109 | D:4      | Killed Robin
  3246 | D:4      | Noticed Eustachio
  3299 | D:4      | Noticed Edmund
  3315 | D:4      | Reached skill level 2 in Conjurations
  3359 | D:4      | Killed Edmund
  3359 | D:4      | Reached skill level 1 in Axes
  3359 | D:4      | Reached skill level 1 in Air Magic
  3359 | D:4      | Reached skill level 5 in Poison Magic
  3577 | D:4      | Offered knowledge of Stone Arrow by Vehumet.
  3655 | D:4      | Killed Eustachio
  3655 | D:4      | Reached skill level 1 in Maces & Flails
  3655 | D:4      | Reached XP level 8. HP: 44/44 MP: 13/13
  3990 | D:5      | Entered Level 5 of the Dungeon
  4006 | D:5      | Learned a level 4 spell: Olgreb's Toxic Radiance
  4085 | D:5      | Lost mutation: You tend to lose your temper in combat. [potion of cure mutation]
  4085 | D:5      | Lost mutation: You are weak. (Str -2) [potion of cure mutation]
  4085 | D:5      | Lost mutation: You have a somewhat thin skeletal structure. (Dex +2, Stealth) [potion of cure mutation]
  4190 | D:5      | Found a glowing golden altar of the Shining One.
  4201 | D:5      | Reached skill level 3 in Conjurations
  4818 | D:6      | Noticed Sigmund
  4831 | D:6      | Killed Sigmund
  4866 | D:6      | Found a sand-covered staircase.
  4889 | D:6      | Reached skill level 4 in Conjurations
  4916 | Ossuary  | Entered an ossuary
  4933 | Ossuary  | Reached *** piety under Vehumet
  5004 | Ossuary  | Reached XP level 9. HP: 24/49 MP: 15/15
  5306 | Ossuary  | Offered knowledge of Static Discharge by Vehumet.
  5696 | D:6      | Got an ichor-stained buckler
  5707 | D:6      | Identified the +1 buckler of the Fiddle {Str+3} (You found it on level 6 of the Dungeon)
  5761 | D:6      | Found a white marble altar of Elyvilon.
  5762 | D:6      | Noticed Grinder
  5778 | D:6      | Paralysed by Grinder for 7 turns
  5788 | D:6      | Killed Grinder
  5788 | D:6      | Reached skill level 5 in Stealth
  5788 | D:6      | Reached skill level 5 in Spellcasting
  5788 | D:6      | Reached skill level 5 in Conjurations
  5828 | D:6      | Found a bloodstained altar of Trog.
  6080 | D:6      | Found a staircase to the Ecumenical Temple.
  6381 | D:6      | Reached **** piety under Vehumet
  6518 | D:6      | Found a sacrificial altar of Ru.
  6523 | D:6      | Offered knowledge of Lee's Rapid Deconstruction by Vehumet.
  6833 | D:7      | Found Eqaor's Assorted Antiques.
  6865 | D:7      | Found Jiruk's Gadget Emporium.
  7175 | D:7      | Found Qupoak's Serpentskin Sales.
  7183 | D:7      | Reached skill level 6 in Conjurations
  7183 | D:7      | Reached XP level 10. HP: 56/57 MP: 18/18
  7360 | D:7      | Found a flagged portal.
  7371 | Bailey   | Entered a bailey
  7372 | Bailey   | Noticed an orc knight
  7377 | Bailey   | Killed an orc knight
  7810 | D:7      | Learned a level 5 spell: Lee's Rapid Deconstruction
  7843 | D:7      | Bought the Grimoire of Intoxication for 642 gold pieces
  7847 | D:7      | Learned a level 3 spell: Ignite Poison
  7853 | D:7      | Learned a level 5 spell: Venom Bolt
  8025 | D:8      | Noticed a hill giant
  8072 | D:8      | Reached skill level 7 in Conjurations
  8089 | D:8      | Killed a hill giant
  8089 | D:8      | Reached skill level 1 in Earth Magic
  8095 | D:8      | Reached skill level 5 in Armour
  8229 | D:8      | Identified the Grimoire of Fiery Dislocation
  8337 | D:8      | Noticed Aguirre's ghost (novice MiBe)
  8344 | D:8      | Reached ***** piety under Vehumet
  8348 | D:8      | Offered knowledge of Iskenderun's Battlesphere by Vehumet.
  8369 | D:8      | Killed Aguirre's ghost
  8369 | D:8      | Reached skill level 5 in Fighting
  8369 | D:8      | Reached XP level 11. HP: 37/63 MP: 21/21
  8382 | D:8      | Killed from afar by an orc priest

Skill      XL: |  1  2  3  4  5  6  7  8  9 10 |
---------------+-------------------------------+-----
Dodging        | 2 |  2.0
Conjurations   | 1 2 4 6 7 |  7.4
Stealth        | 3 4 5 6 |  6.5
Shields        | 1 2 4 |  4.2
Armour         | 1 2 4 5 |  5.1
Fighting       | 2 4 5 |  5.0
Spellcasting   | 3 4 5 6 |  6.8
Axes           | 1 |  1.0
Air Magic      | 1 2 3 4 |  4.0
Poison Magic   | 5 6 |  6.6
Maces & Flails | 1 2 3 4 |  4.2
Earth Magic    | 2 |  2.7
Short Blades   | |  0.1
Unarmed Combat | |  0.2

Action                   |  1- 3 |  4- 6 |  7- 9 | 10-12 || total
-------------------------+-------+-------+-------+-------++-------
Melee: Dagger            |    79 |    90 |       |       ||   169
       Unarmed           |     8 |       |       |       ||     8
       Hand axe          |       |    42 |    96 |       ||   138
       Flail             |       |       |   398 |    92 ||   490
 Cast: Sting             |    30 |    56 |    22 |     2 ||   110
       Mephitic Cloud    |       |     3 |    19 |    11 ||    33
       Olgreb's Toxic Ra |       |       |     2 |     4 ||     6
       Ignite Poison     |       |       |       |     3 ||     3
       Venom Bolt        |       |       |       |     2 ||     2
  Use: Potion            |     4 |     4 |     6 |     1 ||    15
       Scroll            |     4 |       |    11 |     1 ||    16
 Stab: Sleeping          |     2 |     3 |     6 |     1 ||    12
       Distracted        |       |     1 |     1 |     1 ||     3
       Confused          |       |     3 |    12 |     4 ||    19
  Eat: Chunk             |     2 |     7 |     9 |     4 ||    22
       Meat ration       |       |       |     1 |       ||     1
       Fruit             |       |       |     4 |       ||     4
       Royal jelly       |       |       |       |     1 ||     1
Armor: Robe              |     9 |       |       |       ||     9
       Leather armour    |    32 |    62 |   285 |    36 ||   415
       Skin              |       |       |       |     1 ||     1
Dodge: Dodged            |    64 |    82 |   348 |    39 ||   533
Block: Buckler           |       |    25 |   163 |    39 ||   227
       Reflection        |       |       |     1 |     4 ||     5
